AoeStats
← tobinho_125

Nomad

509717548Analyzed
4v4 RM · 4d ago on Sep 27, 2026· 56m 41s· 8 players
Game mode
Random Map
Map size
231×231
Population
200
Speed
Normal
Resources
Standard
Victory
Conquest
Starting age
Dark Age
Ending age
Imperial Age
RankedLock teamsTeams togetherTeam positionsShared explorationLock speedFull tech treeHidden civsTurbo modeCheats
Victory
Defeat
🇹🇷 Huns · Türkiye
1030
+16
🇩🇪 Japanese · Germany
983
+18
🇩🇪 Romans · Germany
973
+18
🇹🇷 Khmer · Türkiye
899
+21
🇧🇪 Mongols · Belgium
1217
-26
🇩🇪 Romans · Germany
1040
-19
🇧🇷 Poles · Brazil
1002
-18
🇧🇪 Persians · Belgium
820
-20
corinna22222
5:00 Loom
17:10 Feudal Age
17:44 Double-Bit Axe
17:43 Horse Collar
26:27 Wheelbarrow
25:51 Arson
28:27 Man-at-Arms
31:32 Castle Age
29:26 Gold Mining
29:29 Stone Mining
30:13 Forging
30:35 Scale Mail Armor
39:11 Gold Shaft Mining
40:53 Bloodlines
42:57 Iron Casting
43:40 Scale Barding Armor
48:49 Hand Cart
50:44 Fishing Lines
52:08 Heavy Plow
52:13 Murder Holes
53:54 Bow Saw
56:27 Imperial Age
54:44 Gillnets
55:56 Chain Mail Armor
55:59 Squires
56:34 Gambesons
56:12 Long Swordsman
tobinho_125
5:31 Loom
6:13 Loom
15:39 Feudal Age
18:30 Double-Bit Axe
21:11 Castle Age
19:10 Horse Collar
21:32 Wheelbarrow
32:20 Town Watch
33:46 Scale Mail Armor
33:57 Forging
33:48 Padded Archer Armor
36:48 Chain Mail Armor
37:09 Iron Casting
38:10 Ballistics
38:02 Heavy Plow
38:23 Pikeman
40:45 Leather Archer Armor
41:29 Murder Holes
45:22 Imperial Age
43:15 Bow Saw
46:47 Ring Archer Armor
46:54 Capped Ram
47:08 Halberdier
51:42 Comitatenses
51:42 Conscription
53:41 Scale Barding Armor
54:36 Blast Furnace
Kötükediserooo
14:25 Feudal Age
14:54 Double-Bit Axe
14:58 Horse Collar
15:33 Fishing Lines
16:04 Gold Mining
16:12 Stone Mining
16:17 Arson
22:20 Castle Age
20:31 Fletching
20:41 Padded Archer Armor
22:28 Scale Barding Armor
22:34 Forging
22:56 Bloodlines
23:10 Husbandry
26:40 Chain Barding Armor
28:35 Bow Saw
28:34 Heavy Plow
29:49 Gold Shaft Mining
31:17 Bodkin Arrow
31:38 Leather Archer Armor
37:36 Imperial Age
37:01 Iron Casting
37:37 Elite Tarkan
38:38 Conscription
40:15 Blast Furnace
40:34 Plate Barding Armor
Lucien
16:04 Feudal Age
22:02 Castle Age
20:15 Fishing Lines
24:24 Husbandry
26:00 Bloodlines
25:50 Double-Bit Axe
29:59 Gold Mining
31:09 Wheelbarrow
32:11 Gold Shaft Mining
31:27 Stone Mining
35:08 Hand Cart
35:58 Bow Saw
36:39 Stone Shaft Mining
38:40 Horse Collar
40:27 Heavy Plow
41:17 Tusk Swords
49:39 Scale Barding Armor
49:45 Forging
49:36 Scale Mail Armor
49:27 Fletching
52:15 Imperial Age
50:50 Chain Barding Armor
54:40 Chemistry
54:00 Ballistics
53:12 Heavy Scorpion
56:34 Double Crossbow
56:55 Conscription
iCrasher
5:50 Loom
17:32 Feudal Age
17:49 Man-at-Arms
18:23 Fishing Lines
19:26 Wheelbarrow
19:44 Bloodlines
19:35 Double-Bit Axe
21:25 Scale Barding Armor
21:32 Forging
22:25 Stone Mining
25:40 Castle Age
25:24 Stone Mining
25:26 Gold Mining
28:03 Long Swordsman
28:45 Squires
28:48 Husbandry
32:18 Hand Cart
32:19 Bow Saw
33:02 Gold Shaft Mining
33:22 Horse Collar
36:06 Town Watch
37:27 Heavy Plow
41:47 Imperial Age
40:32 Iron Casting
39:57 Scale Mail Armor
43:43 Chemistry
43:04 Ballistics
42:50 Siege Engineers
43:54 Legionary
43:57 Heavy Scorpion
46:00 Comitatenses
45:49 Ballistas
46:05 Conscription
49:32 Blast Furnace
48:47 Chain Mail Armor
Anomalyflair
13:02 Feudal Age
14:43 Double-Bit Axe
16:25 Loom
19:26 Castle Age
18:54 Padded Archer Armor
19:31 Gold Mining
24:11 Bow Saw
24:11 Fletching
25:50 Scale Barding Armor
27:02 Wheelbarrow
27:06 Gold Shaft Mining
28:06 Leather Archer Armor
28:28 Pikeman
29:54 Bodkin Arrow
37:07 Imperial Age
35:51 Bodkin Arrow
37:33 Scale Mail Armor
38:01 Horse Collar
38:54 Bracer
40:53 Chain Barding Armor
40:45 Bloodlines
42:56 Ballistics
44:45 Chemistry
44:08 Thumb Ring
45:45 Husbandry
46:12 Heavy Camel Rider
48:11 Parthian Tactics
48:06 Forging
49:58 Iron Casting
Jairzin
16:08 Feudal Age
16:53 Double-Bit Axe
17:00 Man-at-Arms
23:12 Castle Age
21:35 Bloodlines
23:00 Stone Mining
mind_the_stairs_bro
12:08 Loom
15:33 Feudal Age
17:26 Double-Bit Axe
20:52 Fletching
21:44 Wheelbarrow
20:59 Fishing Lines
24:16 Castle Age
22:37 Gold Mining
22:38 Stone Mining
25:03 Medium Warships
25:05 Bodkin Arrow
27:51 Hand Cart
27:49 Bow Saw
28:19 Stone Shaft Mining
28:20 Gold Shaft Mining
27:12 Crossbowman
29:01 Padded Archer Armor
29:24 Gillnets
30:27 Thumb Ring
33:35 Leather Archer Armor
36:58 Murder Holes
37:25 Ballistics
40:24 Imperial Age
41:41 Chemistry
41:58 Heavy Warships
43:10 Kamandaran
43:32 Conscription
45:06 Ring Archer Armor
45:41 Bloodlines
45:32 Husbandry
46:08 Scale Barding Armor
46:14 Forging
47:03 Cavalier
51:26 Light Cavalry
Connection lost

Rejoining the realm…

Still unreachable

The connection could not be restored.

Session expired

The server has moved on; the page needs a fresh start.